 Dungeon Crawl Stone Soup version 0.23-a0-729-g94ec0301e6 (webtiles) character file.

114 Adamkad1 the Covered (level 4, -11/29 HPs)
             Began as a Gargoyle Fighter on Jan 17, 2019.
             Killed by divine providence
             ... invoked by an orc priest
              (14 damage)
             ... on level 3 of the Dungeon.
             The game lasted 00:03:07 (2080 turns).

Adamkad1 the Covered (Gargoyle Fighter)             Turns: 2080, Time: 00:03:08

Health: -11/29     AC: 11    Str: 21    XL:     4   Next: 97%
Magic:  4/4        EV:  7    Int:  8    God:
Gold:   127        SH:  9    Dex:  9    Spells: 3/3 levels left

rFire    . . .     SeeInvis .   a - +0 flail
rCold    . . .     Gourm    .   c - +0 shield
rNeg     + . .     Faith    .   b - +0 scale mail
rPois    ∞         Spirit   .   (no helmet)
rElec    +         Reflect  .   (no cloak)
rCorr    .         Harm     .   n - +0 pair of gloves
MR       .....                  (no boots)
Stlth    ..........             q - amulet of the acrobat
HPRegen  0.09/turn              (no ring)
MPRegen  0.09/turn              (no ring)

@: no status effects
A: negative energy resistance 1, electricity resistance, unbreathing,
petrification resistance, rot immunity, AC +3
a: no special abilities


You were on level 3 of the Dungeon.
You were not hungry.

You visited 1 branch of the dungeon, and saw 3 of its levels.

You collected 127 gold pieces.

Inventory:

Hand Weapons
 a - a +0 flail (weapon)
Armour
 b - a +0 scale mail (worn)
 c - a +0 shield (worn)
 n - a +0 pair of gloves (worn)
Jewellery
 q - an amulet of the acrobat (around neck)
Scrolls
 e - 2 scrolls of enchant armour {unknown}
 h - a scroll of blinking {unknown}
 i - a scroll of noise {unknown}
 j - a scroll of teleportation {unknown}
 l - a scroll of identify {unknown}
 o - a scroll of remove curse
 u - a scroll of enchant weapon {unknown}
Potions
 d - a potion of might
 g - a potion of heal wounds {unknown}
 k - a potion of resistance {unknown}
 m - 2 potions of flight {unknown}
 p - 2 potions of brilliance {unknown}
 r - a potion of berserk rage {unknown}
 s - a potion of curing {unknown}
Comestibles
 f - 4 rations
 t - 8 chunks of flesh


   Skills:
 * Level 3.9 Fighting
 * Level 3.1 Maces & Flails
 * Level 4.2 Armour
 * Level 4.1 Shields


You had 3 spell levels left.
You didn't know any spells.
Your spell library was empty.

Dungeon Overview and Level Annotations

Branches:
Dungeon (3/15)

Altars:


Innate Abilities, Weirdness & Mutations

You are resistant to torment.
Your stone body is resilient. (AC +3)
You are immune to poison.
You resist negative energy. (rN+)
You are resistant to electric shocks. (rElec)
You can survive without breathing.
You are immune to petrification.
You are immune to rotting.


Message History

a +0 hand axe; a +0 chain mail Some of the chunks of flesh in your inventory have rotted away.
The orc priest is too close now for your liking.
An orc priest is nearby!
You hit the orc priest.
The orc priest is moderately wounded.
The orc priest invokes the aid of Beogh against you.
Beogh smites you!
You closely miss the orc priest.
The orc priest is moderately wounded.
The orc priest hits you but does no damage.
The orc priest mumbles some strange prayers to Beogh against you.
Beogh smites you!
Ouch! That really hurt!
* * * LOW HITPOINT WARNING * * *
You barely miss the orc priest.
The orc priest is moderately wounded.
The orc priest mumbles some strange prayers to Beogh against you.
Beogh smites you!
You die...

.............#
.............#
.............#
.............#
###..........#
#..........#
#..........# #.#
#.......o..# #.#
#.......@..# #.#
########.### #.#
#.# #.# #.# #.#
#.###### #.#
#.....[# #.#
######.#
#)##############
#.#
#...........÷..#
#.#


You could see an orc priest.

Vanquished Creatures
  5 adders (D:2)
  A worm (D:2)
  A dart slug (D:1)
  2 leopard geckos (D:2)
  2 orcs (D:3)
  4 giant cockroaches (D:2)
  10 hobgoblins
  A jackal (D:1)
  2 quokkas (D:2)
  A ball python (D:3)
  6 bats
  6 frilled lizards
  6 goblins
  8 kobolds
  6 rats
61 creatures vanquished.

Notes
Turn   | Place    | Note
-------+----------+-------------------------------------------
     0 | D:1      | Adamkad1 the Gargoyle Fighter began the quest for the Orb.
     0 | D:1      | Reached XP level 1. HP: 14/14 MP: 1/1
   230 | D:1      | Reached XP level 2. HP: 19/19 MP: 2/2
   858 | D:1      | Reached XP level 3. HP: 23/23 MP: 3/3
  1180 | D:2      | Reached XP level 4. HP: 29/29 MP: 4/4
  2080 | D:3      | Killed from afar by an orc priest

Vault maps used:
D:1:      tarquinn_simple_flora_water_f, minmay_domino_4
D:2:      first_ration
D:3:      cheibrodos_greedy_goblins, interstate_on_off

Skill      XL: |  1  2  3  4 |
---------------+-------------+-----
Armour         | 4 |  4.2
Shields        | 4 |  4.1
Maces & Flails | 3 |  3.1
Fighting       | |  3.9

Action                   |  1- 3 |  4- 6 || total
-------------------------+-------+-------++-------
Melee: Flail             |   166 |   117 ||   283
  Use: Scroll            |     1 |       ||     1
  Eat: Chunk             |     1 |     3 ||     4
Armor: Ring mail         |    30 |       ||    30
       Scale mail        |    88 |    74 ||   162
Dodge: Dodged            |    90 |    60 ||   150
Block: Shield            |   112 |    66 ||   178

Table legend:
 A = Non-vault XP
 B = Vault XP
 C = Vault XP percentage of total XP
 D = Non-vault monster count
 E = Vault monster count
 F = Vault count percentage of total count
                 A         B        C        D         E       F
            +---------+---------+-------+---------+---------+-------
      Total |     157 |       6 |   3.7 |      57 |       4 |   6.6
            +---------+---------+-------+---------+---------+-------
        D:1 |      31 |       6 |  16.2 |      19 |       4 |  17.4
        D:2 |     117 |       0 |   0.0 |      34 |       0 |   0.0
        D:3 |       9 |       0 |   0.0 |       4 |       0 |   0.0
            +---------+---------+-------+---------+---------+-------
